 Dungeon Crawl Stone Soup version 0.19.5 (webtiles) character file.

17315 equalderp2856 the Ripper (level 12, -3/52 HPs)
             Began as a Felid Fighter on Apr 2, 2017.
             Slain by a sky beast (5 damage)
             ... on level 2 of the Abyss.
             The game lasted 01:29:22 (31474 turns).

equalderp2856 the Ripper (Felid Fighter)           Turns: 31474, Time: 01:29:23

Health: -3/52      AC:  8    Str: 12 (13) XL:     12   Next: 17%
Magic:  0/18       EV: 25    Int:  7 (9)  God:
Gold:   532        SH:  0    Dex: 14      Spells: 4 memorised, 0 levels left
                                        Lives:  0   Deaths: 4

rFire  x . .     SeeInvis +       - Unarmed
rCold  + + .     Gourm    .     (armour unavailable)
rNeg   . . .     Faith    .     (shield unavailable)
rPois  .         Spirit   +     (helmet unavailable)
rElec  .         Reflect  .     (cloak unavailable)
rCorr  .         Harm     .     (gloves unavailable)
MR     +....     Rnd*Tele +     (boots unavailable)
Stlth  +++++.....               L - amulet of guardian spirit
                                y - +5 ring of protection
                                k - ring of ice

@: slightly contaminated, heavily drained, quick
A: no armour, no weapons or thrown items, stealth, claws 1, fangs 3, see
invisible, carnivore 3, clumsy 2, deterioration 1, dopey 1, speed 1, low mp 1,
screaming 3, shaggy fur 3, slow metabolism 1, teleportitis 1, evolution 1, no
device heal 1, MP-powered wands, sharp paws
a: no special abilities


You were on level 2 of the Abyss.
You were very hungry.

You visited 2 branches of the dungeon, and saw 16 of its levels.
You visited the Abyss 1 time.
You also visited: Sewer and Ice Cave.

You collected 1577 gold pieces.
You spent 1045 gold pieces at shops.

Inventory:

Missiles
 M - 206 arrows
Jewellery
 c - an uncursed amulet of magic regeneration
 h - an uncursed amulet of faith
 k - a ring of ice (left paw)
 n - an uncursed amulet of rage
 t - an uncursed amulet of inaccuracy
 y - a +5 ring of protection (right paw)
 L - an amulet of guardian spirit (around neck)
 R - a +3 ring of slaying {unknown}
Wands
 i - a wand of iceblast (4/15)
 m - a wand of disintegration (0/24)
 B - a wand of flame (21/48)
 D - a wand of acid (8/15)
 E - a wand of acid (7/15)
Scrolls
 g - a scroll of enchant weapon
 j - 10 scrolls of remove curse
 l - 2 scrolls of magic mapping
 o - 5 scrolls of immolation
 r - 6 scrolls of identify
 u - 6 scrolls of enchant armour
 I - 2 scrolls of amnesia
 K - a scroll of fog
 N - 2 scrolls of random uselessness
Potions
 a - 4 potions of might
 e - 2 potions of lignification
 p - 3 potions of flight
 q - a potion of curing
 s - a potion of mutation
 v - 2 potions of magic
 F - a potion of brilliance
 H - 3 potions of agility
Books
 d - a book of Cantrips

   Spells                             Type                      Level
   a - Confusing Touch                Hexes                        1
   b - Animate Skeleton               Necromancy                   1
   c - Summon Small Mammal            Summoning                    1
   d - Apportation                    Translocation                1
 w - a Necronomicon

   Spells                             Type                      Level
   a - Haunt                          Necromancy/Summoning         7
   b - Borgnjor's Revivification      Necromancy                   8
   c - Death's Door                   Charms/Necromancy            8
   d - Infestation                    Necromancy                   8
   e - Necromutation                  Transmutation/Necromancy     8
 x - a book of Geomancy

   Spells                             Type                      Level
   a - Sandblast                      Earth                        1
   b - Passwall                       Transmutation/Earth          2
   c - Stone Arrow                    Conjuration/Earth            3
   d - Petrify                        Transmutation/Earth          4
   e - Lee's Rapid Deconstruction     Earth                        5
 C - a book of Changes

   Spells                             Type                      Level
   a - Beastly Appendage              Transmutation                1
   b - Sticks to Snakes               Transmutation                2
   c - Spider Form                    Transmutation/Poison         3
   d - Ice Form                       Ice/Transmutation            4
   e - Blade Hands                    Transmutation                5
 O - a book of Minor Magic

   Spells                             Type                      Level
   a - Magic Dart                     Conjuration                  1
   b - Blink                          Translocation                2
   c - Call Imp                       Summoning                    2
   d - Repel Missiles                 Charms/Air                   2
   e - Slow                           Hexes                        2
   f - Conjure Flame                  Conjuration/Fire             3
   g - Mephitic Cloud                 Conjuration/Poison/Air       3
 P - a Fen Folio

   Spells                             Type                      Level
   a - Corpse Rot                     Necromancy                   2
   b - Stone Arrow                    Conjuration/Earth            3
   c - Leda's Liquefaction            Hexes/Earth                  4
   d - Summon Forest                  Summoning/Translocation      5
   e - Hydra Form                     Transmutation                6
   f - Summon Hydra                   Summoning                    7
Comestibles
 b - 5 meat rations
 f - 4 beef jerkies
 z - 2 slices of pizza
 A - 11 royal jellies


   Skills:
 + Level 5.7(4.2) Fighting
 + Level 12.5(10.8) Dodging
 + Level 13.5(11.8) Stealth
 + Level 17.0(15.1) Unarmed Combat
 + Level 0.8(0.0) Spellcasting
 + Level 0.8(0.0) Hexes
 + Level 0.2(0.0) Summonings
 + Level 9.6(8.0) Evocations


You couldn't memorise any spells.
You knew the following spells:

 Your Spells              Type           Power        Failure   Level  Hunger
a - Confusing Touch       Hex            #.....       47%         1    ##.....
b - Passwall              Tmut/Erth      #.........   73%         2    ###....
c - Sticks to Snakes      Tmut           #.......     73%         2    ###....
d - Summon Hydra          Summ           #.........   100%        7    #######


Dungeon Overview and Level Annotations

Branches:
Dungeon (14/15)            Temple (0/1) D:6            Lair (0/6) D:11
    Orc (2/2) D:9             Elf (0/3) Orc:2        Vaults (0/5) D:13

Altars:
Makhleb
Ru
Trog
Xom
Zin
Beogh

Shops:
D:4 !   D:5 (   D:6 :   D:7 !   D:8 *

Annotations:
D:8 PerKiller's ghost, novice HEHu
D:14 Urug


Innate Abilities, Weirdness & Mutations

You cannot wear armour.
You are incapable of wielding weapons or throwing items.
Your paws allow you to move quietly. (Stealth)
You have sharp claws.
You have razor-sharp teeth.
You have supernaturally acute eyesight. (SInv)
You are carnivorous and can eat meat at any time.
You cover ground quickly.
Your thick and shaggy fur keeps you warm. (AC +3, rC+)
You have a slow metabolism.
Your sharp claws are effective at attacking unaware monsters.
You are very clumsy. (Dex -4)
Your body sometimes deteriorates upon taking damage.
You are dopey. (Int -2)
Your magical capacity is low. (-10% MP)
You frequently scream uncontrollably at your foes.
You are occasionally teleported next to monsters.
You evolve.
Potions and wands are less effective at restoring your health.
You expend magic power (3 MP) to strengthen your wands.


Message History

Unknown command.
The shadow misses you. The large abomination hits you!
The shadow barely misses you.
Found 60 gold pieces.
Found 13 arrows.
A large abomination comes into view.
You caterwaul at the large abomination!
An efreet comes into view. It is wielding a scimitar of flaming.
The efreet gestures at you.
The fireball explodes!
The fireball engulfs you! The fire burns you terribly!
Ouch! That really hurt!
* * * LOW HITPOINT WARNING * * *
An apocalypse crab comes into view.
The efreet moves out of view.
A sky beast comes into view.
An efreet comes into view. It is wielding a scimitar of flaming.
The large abomination completely misses you.
The sky beast hits you. The sky beast shocks you.
You die...

#x#..X.## ##....#.
## .# . #.##...
#.# ... ..#...#.
#..# #..# #...
.##..###.....
.#...#.X###.#.....
#.##...#X....#...
#...x..#.Y...#
#§§R#.R###@##...#
§.§.#..§ #
##....## .§§ #.. §
....# .§ #.. #
#.### #..# .# #...
.# .#.. ≈ ≈


You could see a large abomination and a sky beast.

Vanquished Creatures
  Frances (D:12)
  Kirke (D:13)
  2 hydras
  3 centaur warriors
  The ghost of spiff the Archer, a journeyman HEAs of Dithmenos (D:11)
  An ogre mage (D:13)
  3 skeletal warriors (D:12)
  An unseen horror (D:11)
  Pikel (D:5)
  A necromancer (IceCv)
  2 wolf spider zombies (D:14)
  An orc knight (D:13)
  3 hill giants
  A manticore (D:11)
  2 cyclopes
  3 ugly things
  6 centaur zombies
  A black mamba (shapeshifter) (D:13)
  2 ice statues (IceCv)
  4 gargoyles
  8 ice devils (IceCv)
  4 trolls
  6 two-headed ogres
  Grinder (D:5)
  4 hornets
  3 slime creatures (D:12)
  4 hippogriffs
  A yak (shapeshifter) (D:13)
  5 hogs
  3 wyverns (D:10)
  12 yaks
  Edmund (D:5)
  4 vampire mosquitoes
  A warg (Orc:1)
  A mottled dragon (D:11)
  2 soldier ants (D:11)
  8 orc warriors
  4 sky beasts
  9 ice beasts
  The ghost of equalderp2856 the Sneak, an amateur FeIE (Sewer)
  An eye of draining (D:9)
  2 necrophages
  5 phantoms
  2 black bears
  A wolf (D:11)
  6 ogres
  22 centaurs
  2 big kobolds
  Blork the orc (D:4)
  7 bullfrogs
  2 wyvern skeletons (D:14)
  2 scorpions (D:4)
  5 wights (D:11)
  2 howler monkeys
  7 crimson imps
  2 draconian simulacra (IceCv)
  A bullfrog zombie (D:10)
  15 hounds
  2 bullfrog skeletons
  11 orc priests
  16 centaur skeletons
  5 jellies
  4 iguanas
  18 orc wizards
  2 spriggan simulacra (IceCv)
  4 worker ants
  A troll simulacrum (IceCv)
  A centaur simulacrum (IceCv)
  3 hound skeletons
  6 gnolls
  A howler monkey skeleton (D:10)
  2 river rats (Sewer)
  13 adders
  2 naga simulacra (IceCv)
  2 ogre simulacra (IceCv)
  7 shadow imps
  An ooze (D:3)
  An adder skeleton (D:8)
  2 worms
  2 dart slugs
  4 leopard geckos
  42 orcs
  9 giant cockroaches
  8 hobgoblins
  19 jackals
  6 quokkas
  4 ball pythons
  4 bats
  5 frilled lizards
  8 goblins
  17 kobolds
  2 leopard gecko skeletons
  A quokka skeleton (D:4)
  A quokka zombie (D:7)
  11 rats
454 creatures vanquished.

Vanquished Creatures (others)
  An eldritch tentacle (D:9)
  A centaur zombie (D:13)
  A human (D:13)
  An orc wizard (Orc:1)
4 creatures vanquished.

Grand Total: 458 creatures vanquished

Notes
Turn   | Place    | Note
-------+----------+-------------------------------------------
     0 | D:1      | equalderp2856 the Felid Fighter began the quest for the Orb.
     0 | D:1      | Reached XP level 1. HP: 10/10 MP: 2/2
   307 | D:1      | Reached XP level 2. HP: 14/14 MP: 3/3
  1270 | D:2      | Reached XP level 3. HP: 17/17 MP: 4/4
  1537 | D:2      | Reached skill level 1 in Stealth
  1537 | D:2      | Reached skill level 5 in Unarmed Combat
  1543 | D:2      | Reached XP level 4. HP: 21/21 MP: 5/5
  2949 | D:3      | Reached XP level 5. HP: 24/24 MP: 6/6
  3659 | D:3      | HP: 1/36 [poisoned by a worker ant]
  3661 | D:3      | Succumbed to a worker ant's poison
  3662 | D:3      | Reached XP level 4. HP: 0/31 MP: 5/5
  3693 | D:4      | Noticed a phantom
  4155 | D:4      | Noticed Blork the orc
  4161 | D:3      | Gained mutation: You have an increased reservoir of magic. (+10% MP) [potion of mutation]
  4161 | D:3      | Gained mutation: You have a considerably increased reservoir of magic. (+20% MP) [potion of mutation]
  4161 | D:3      | Gained mutation: Your mind is acute. (Int +2) [potion of mutation]
  4394 | D:3      | Reached skill level 6 in Unarmed Combat
  4531 | D:3      | Reached skill level 5 in Dodging
  4531 | D:3      | Reached XP level 5. HP: 24/24 MP: 7/7
  5093 | D:3      | Killed a phantom
  5093 | D:3      | Reached skill level 1 in Evocations
  5093 | D:3      | Gained mutation: You are covered in thick fur. (AC +2) [Felid growth]
  5093 | D:3      | Reached XP level 6. HP: 28/28 MP: 7/9
  5220 | D:4      | Killed Blork the orc
  5884 | D:4      | Reached skill level 7 in Unarmed Combat
  5884 | D:4      | Reached XP level 7. HP: 13/31 MP: 11/11
  6138 | D:4      | Lost mutation: Your mind is acute. (Int +2) [potion of cure mutation]
  6642 | D:4      | Found Vor Ire's Distillery.
  6710 | D:5      | Entered Level 5 of the Dungeon
  6815 | D:6      | Slain by a centaur
  6816 | D:6      | Reached XP level 6. HP: -1/28 MP: 10/10
  6834 | D:6      | Found a glowing drain.
  6845 | Sewer    | Entered a sewer
  7122 | Sewer    | Noticed equalderp2856's ghost (amateur FeIE)
  7146 | Sewer    | Killed equalderp2856's ghost
  7397 | Sewer    | Reached XP level 7. HP: 30/31 MP: 12/12
  7414 | Sewer    | Found a white marble altar of Elyvilon.
  7893 | D:6      | Found Cerr's Book Emporium.
  7901 | D:6      | Reached skill level 8 in Unarmed Combat
  8138 | D:6      | Found a staircase to the Ecumenical Temple.
  8253 | D:6      | Found a burning altar of Makhleb.
  8253 | D:6      | Noticed a balrug
  8256 | D:6      | Noticed a smoke demon
  8256 | D:6      | Noticed a neqoxec
  8454 | D:7      | Found a shimmering altar of Xom.
  8488 | D:7      | Reached skill level 5 in Stealth
  8488 | D:7      | Reached XP level 8. HP: 36/36 MP: 13/13
  8756 | D:7      | Found Iwoepy Tooj's Distillery.
  8885 | D:7      | Reached skill level 9 in Unarmed Combat
  9680 | D:8      | Noticed PerKiller's ghost (novice HEHu)
  9869 | D:8      | Found Zotewkei's General Store.
 10427 | D:9      | Found a staircase to the Orcish Mines.
 11216 | D:9      | Reached XP level 9. HP: 39/39 MP: 15/15
 11221 | D:9      | Reached skill level 10 in Unarmed Combat
 11988 | D:9      | Gained mutation: You have a pair of small horns on your head. [potion of beneficial mutation]
 12108 | D:9      | Reached skill level 5 in Evocations
 12285 | D:9      | Reached skill level 11 in Unarmed Combat
 12845 | D:9      | Reached XP level 10. HP: 33/43 MP: 17/17
 12930 | Orc:1    | Entered Level 1 of the Orcish Mines
 13001 | Orc:1    | Found a bloodstained altar of Trog.
 13251 | Orc:1    | Found a frozen archway.
 13260 | IceCv    | Entered an ice cave
 13270 | IceCv    | Noticed an ice statue
 13270 | IceCv    | Noticed an ice statue
 13580 | IceCv    | Killed an ice statue
 13778 | IceCv    | Killed an ice statue
 13778 | IceCv    | Reached skill level 12 in Unarmed Combat
 14056 | IceCv    | Noticed a necromancer
 14570 | IceCv    | Killed a necromancer
 15123 | Orc:1    | Found a roughly hewn altar of Beogh.
 15132 | Orc:1    | Reached XP level 11. HP: 46/46 MP: 20/20
 15212 | Orc:2    | Entered Level 2 of the Orcish Mines
 15274 | Orc:2    | Noticed an orc warlord
 15537 | D:10     | Entered Level 10 of the Dungeon
 15537 | D:10     | Found a glowing silver altar of Zin.
 15705 | D:10     | Reached skill level 10 in Stealth
 15785 | D:10     | Noticed a hill giant
 15792 | D:10     | Killed a hill giant
 15824 | D:10     | Reached skill level 13 in Unarmed Combat
 16489 | D:9      | Lost mutation: You have a pair of small horns on your head. [potion of cure mutation]
 16489 | D:9      | Lost mutation: You have a considerably increased reservoir of magic. (+20% MP) [potion of cure mutation]
 16992 | D:10     | Paralysed by a hornet for 2 turns
 17489 | D:10     | Noticed a hill giant
 17496 | D:10     | Killed a hill giant
 17609 | D:11     | Noticed an unseen horror
 17609 | D:11     | Noticed spiff's ghost (journeyman HEAs)
 17615 | D:11     | Killed an unseen horror
 17666 | D:11     | Killed spiff's ghost
 17973 | D:11     | Reached skill level 10 in Dodging
 18088 | D:11     | HP: 1/69 [gargoyle/stone arrow (27)]
 18089 | D:11     | Reached skill level 14 in Unarmed Combat
 18651 | D:11     | Noticed a white ugly thing
 18701 | D:11     | Killed a white ugly thing
 19080 | D:11     | Gained mutation: Your thick and shaggy fur keeps you warm. (AC +3, rC+) [Felid growth]
 19080 | D:11     | Reached XP level 12. HP: 51/51 MP: 20/20
 19597 | D:11     | Found a staircase to the Lair.
 20302 | D:12     | Reached skill level 5 in Fighting
 20903 | D:12     | Noticed Frances
 20909 | D:12     | Killed Frances
 21368 | D:13     | Noticed an ogre mage
 21674 | D:13     | Noticed Kirke
 21918 | D:13     | Found a gate to the Vaults.
 22055 | D:13     | Reached skill level 15 in Unarmed Combat
 22080 | D:13     | Noticed a five-headed hydra
 22082 | D:13     | Noticed a six-headed hydra
 22327 | D:12     | Killed a five-headed hydra
 22458 | D:13     | Noticed a seven-headed hydra
 23284 | D:13     | Killed a seven-headed hydra
 23298 | D:13     | Killed an ogre mage
 23333 | D:13     | Noticed a centaur warrior
 23512 | D:13     | Killed Kirke
 23512 | D:13     | Reached XP level 13. HP: 54/54 MP: 22/22
 24808 | D:14     | Learned a level 1 spell: Confusing Touch
 24811 | D:14     | Learned a level 2 spell: Passwall
 24814 | D:14     | Learned a level 2 spell: Sticks to Snakes
 24927 | D:14     | Reached skill level 16 in Unarmed Combat
 25167 | D:14     | Noticed a bone dragon
 25275 | D:14     | Mangled by a bone dragon
 25276 | D:14     | Reached XP level 12. HP: -8/76 MP: 21/21
 25283 | D:14     | Noticed a centaur warrior
 25297 | D:14     | Killed a centaur warrior
 25480 | D:14     | Noticed Urug
 25519 | D:14     | Found a sacrificial altar of Ru.
 25803 | D:14     | Mangled by a bone dragon
 25804 | D:14     | Reached XP level 11. HP: -10/48 MP: 20/20
 25865 | D:14     | Noticed a red ugly thing
 25867 | D:14     | Noticed a red ugly thing
 25868 | D:14     | Noticed a red ugly thing
 25868 | D:14     | Noticed a red ugly thing
 26043 | D:14     | Noticed a centaur warrior
 26047 | D:14     | Killed a centaur warrior
 26374 | D:13     | Noticed an orc knight
 26716 | D:13     | Killed an orc knight
 27479 | D:11     | Reached XP level 12. HP: 52/52 MP: 22/22
 27795 | D:6      | Bought a book of Minor Magic for 220 gold pieces
 27795 | D:6      | Bought a Fen Folio for 825 gold pieces
 28122 | D:5      | Found Dudarroh's Antique Weapon Emporium.
 28188 | D:5      | Noticed Pikel
 28203 | D:5      | Killed Pikel
 28264 | D:5      | Noticed Grinder
 28272 | D:5      | Killed Grinder
 28324 | D:5      | Noticed Edmund
 28332 | D:5      | Killed Edmund
 28710 | D:7      | Learned a level 7 spell: Summon Hydra
 28954 | D:7      | Noticed a blizzard demon
 29013 | D:6      | Gained mutation: You occasionally shout uncontrollably at your foes. [mutagenic glow]
 29034 | D:6      | Gained mutation: You are weak. (Str -2) [mutagenic glow]
 29373 | D:7      | Noticed an Ice Fiend
 29394 | D:6      | Gained mutation: Your body sometimes deteriorates upon taking damage. [mutagenic glow]
 29941 | D:8      | Reached skill level 17 in Unarmed Combat
 30356 | D:9      | Noticed an eldritch tentacle
 30505 | D:8      | Gained mutation: You are dopey. (Int -2) [mutagenic glow]
 30545 | D:8      | Gained mutation: You sometimes yell uncontrollably at your foes. [mutagenic glow]
 30547 | D:9      | Killed an eldritch tentacle
 30591 | D:9      | Gained mutation: You evolve. [mutagenic glow]
 30651 | D:9      | Gained mutation: You are frail. (-10% HP) [mutagenic glow]
 30703 | D:9      | Gained mutation: Potions and wands are less effective at restoring your health. [mutagenic glow]
 30748 | D:9      | Noticed an Ice Fiend
 30754 | D:8      | Gained mutation: You expend magic power (3 MP) to strengthen your wands. [mutagenic glow]
 30790 | D:9      | Lost mutation: You are weak. (Str -2) [mutagenic glow]
 30813 | D:9      | Noticed a blizzard demon
 30870 | D:10     | Lost mutation: You have an increased reservoir of magic. (+10% MP) [mutagenic glow]
 30938 | D:10     | Lost mutation: You are frail. (-10% HP) [mutagenic glow]
 30983 | D:10     | Gained mutation: Your magical capacity is low. (-10% MP) [mutagenic glow]
 31043 | D:10     | Gained mutation: You are occasionally teleported next to monsters. [mutagenic glow]
 31128 | D:10     | Gained mutation: Your magical capacity is very low. (-20% MP) [mutagenic glow]
 31230 | D:11     | Gained mutation: You frequently scream uncontrollably at your foes. [mutagenic glow]
 31288 | D:11     | Cast into level 2 of the Abyss (miscasting Summon Hydra)
 31288 | Abyss:2  | Found a corrupted altar of Lugonu.
 31289 | Abyss:2  | Gained mutation: You are clumsy. (Dex -2) [mutagenic glow]
 31339 | Abyss:2  | Lost mutation: Your magical capacity is very low. (-20% MP) [a neqoxec]
 31340 | Abyss:2  | Gained mutation: You are very clumsy. (Dex -4) [a neqoxec]
 31357 | Abyss:2  | Found a corrupted altar of Lugonu.
 31466 | Abyss:2  | HP: 1/52 [efreet/fireball (35)]
 31474 | Abyss:2  | Slain by a sky beast

Skill      XL: |  1  2  3  4  5  6  7  8  9 10 11 12 13 |
---------------+----------------------------------------+-----
Stealth        | 1 2 4 5 7 8 9 11 12 13 | 13.5
Unarmed Combat | 5 6 7 8 9 11 12 14 17 16 | 17.0
Dodging        | 5 7 8 9 10 11 12 | 12.5
Evocations     | 1 2 3 4 5 6 7 9 |  9.6
Fighting       | 4 5 |  5.7
Spellcasting   | |  0.8
Hexes          | |  0.8
Summonings     | |  0.2

Action                   |  1- 3 |  4- 6 |  7- 9 | 10-12 | 13-15 || total
-------------------------+-------+-------+-------+-------+-------++-------
Melee: Unarmed           |    82 |   242 |   279 |   813 |   173 ||  1589
       Bite              |     8 |    22 |    28 |   107 |    33 ||   198
       Punch             |       |     7 |    16 |    54 |    19 ||    96
       Headbutt          |       |       |    12 |    36 |       ||    48
 Cast: Confusing Touch   |       |       |       |     7 |       ||     7
 Abil: Evoke Berserk Rag |       |    12 |    12 |    32 |     8 ||    64
Evoke: Wand              |       |     5 |       |    12 |       ||    17
  Use: Potion            |       |     3 |     8 |    11 |       ||    22
       Scroll            |       |     2 |       |    14 |     1 ||    17
 Stab: Sleeping          |     4 |     2 |    10 |    33 |     6 ||    55
       Distracted        |       |     1 |     2 |     4 |       ||     7
       Confused          |       |       |       |     2 |       ||     2
  Eat: Chunk             |     8 |     6 |    29 |    45 |     9 ||    97
       Beef jerky        |       |     1 |       |     1 |       ||     2
       Royal jelly       |       |     1 |       |       |       ||     1
       Meat ration       |       |       |       |     4 |       ||     4
Armor: Skin              |     4 |     6 |     7 |    86 |    16 ||   119
Dodge: Dodged            |    61 |   219 |   233 |   793 |   148 ||  1454
